 Dungeon Crawl Stone Soup version 0.19-a0-594-g235f30c (webtiles) character file.

115 shmeve the Shield-Bearer (level 4, -4/35 HPs)
             Began as a Vampire Fighter on June 10, 2016.
             Was an Initiate of Okawaru.
             Killed by divine providence
             ... invoked by an orc priest
              (13 damage)
             ... on level 3 of the Dungeon.
             The game lasted 00:05:20 (1591 turns).

shmeve the Shield-Bearer (Vampire Fighter)          Turns: 1591, Time: 00:05:21

Health: -4/35      AC: 16    Str: 16    XL:     4   Next: 68%
Magic:  4/4        EV:  3    Int: 10    God:    Okawaru [......]
Gold:   175        SH:  9    Dex: 13    Spells: 0 memorised, 3 levels left

rFire  . . .     SeeInvis +     a - +0 war axe
rCold  . . .     Gourm    .     g - +0 plate armour
rNeg   . . .     Faith    +     c - +0 shield
rPois  .         Spirit   .     (no helmet)
rElec  .         Dismiss  .     (no cloak)
rCorr  .         Reflect  .     (no gloves)
SustAt .         Harm     .     i - +0 pair of boots
MR     .....                    j - amulet of faith
Stlth  ..........               (no ring)
                                o - +4 ring of protection

@: regenerating very quickly, not resistant to hostile enchantments, extremely
unstealthy
A: fangs 3, see invisible, unbreathing
a: Renounce Religion


You were on level 3 of the Dungeon.
You worshipped Okawaru.
Okawaru was noncommittal.
You were almost alive.

You visited 1 branch of the dungeon, and saw 3 of its levels.

You collected 175 gold pieces.

Inventory:

Hand Weapons
 a - a +0 war axe (weapon)
Armour
 c - a +0 shield (worn)
 g - a +0 plate armour (worn)
 i - a +0 pair of boots (worn)
Jewellery
 j - an amulet of faith (around neck)
 o - a +4 ring of protection (left hand)
Scrolls
 b - a scroll of immolation {unknown}
 f - a scroll of enchant armour {unknown}
 m - a scroll of remove curse {unknown}
 p - a scroll of teleportation {unknown}
Potions
 d - 3 potions of might
 e - 6 potions of blood
 h - 2 potions of magic {unknown}
 k - a potion of lignification {unknown}
 l - a potion of brilliance {unknown}
 n - 2 potions of curing {unknown}
 q - a potion of heal wounds {unknown}
 r - a potion of agility {unknown}


   Skills:
 * Level 3.3 Fighting
 * Level 2.6 Axes
 + Level 2.6 Armour
 * Level 2.1 Dodging
 * Level 3.3 Shields
 + Level 0.0 Invocations


You had 3 spell levels left.
You didn't know any spells.

Dungeon Overview and Level Annotations

Branches:
Dungeon (3/15)

Altars:
Okawaru
Ru
Vehumet


Innate Abilities, Weirdness & Mutations

Your natural rate of healing is extremely fast.
You have razor-sharp teeth.
You have supernaturally acute eyesight. (SInv)
You can survive without breathing.


Message History

The orc priest casts a cantrip, but nothing happens.
You hit the orc but do no damage.
The orc is heavily wounded.
You hit the orc but do no damage. You block the orc's attack.
The orc priest invokes the aid of Beogh against you.
Pain shoots through your body!
* * * LOW HITPOINT WARNING * * *
Unknown command.
You hit the ooze.
The ooze is heavily wounded.
You hit the orc.
The orc is moderately wounded.
You closely miss the orc.
The orc is heavily wounded.
You block the orc's attack.
The orc priest hits you but does no damage.
The orc hits you but does no damage.
The orc priest mumbles some strange prayers to Beogh against you.
Beogh smites you!
You die...

#_# #.. ... #.#
## ####o# ..(
...o# #.. #oJ##
##.###@o####.#
.#...#.........
..._...!#####.#
.#...#?.......#
##.###..######
.#..?#...#
(......รท##
##......#
#####..######


You could see 2 orc priests, an ooze and 2 orcs.

Vanquished Creatures
  6 adders
  An ooze (D:2)
  A worm (D:2)
  2 dart slugs
  A giant gecko (D:1)
  5 bats
  4 giant cockroaches
  4 goblins
  8 hobgoblins
  2 jackals (D:2)
  8 kobolds
  3 giant newts (D:1)
  5 rats
50 creatures vanquished.

Notes
Turn   | Place    | Note
--------------------------------------------------------------
     0 | D:1      | shmeve the Vampire Fighter began the quest for the Orb.
     0 | D:1      | Reached XP level 1. HP: 17/17 MP: 1/1
    41 | D:1      | Reached XP level 2. HP: 5/23 MP: 2/2
   848 | D:2      | Reached XP level 3. HP: 23/29 MP: 3/3
   858 | D:2      | Reached skill level 1 in Dodging
  1066 | D:2      | Reached XP level 4. HP: 34/35 MP: 4/4
  1271 | D:2      | Found an iron altar of Okawaru.
  1317 | D:2      | Became a worshipper of Warmaster Okawaru
  1584 | D:3      | Found a radiant altar of Vehumet.
  1587 | D:3      | Found a sacrificial altar of Ru.
  1591 | D:3      | Killed from afar by an orc priest

Vault maps used:
D:1:      dpeg_arrival_pond, st_stairs_2, minmay_box_of_dots
D:2:      nicolae_overflow_hidden_temple, lemuel_coloured_pillars_altar,
          first_bread, roderic_roman_lattice
D:3:      vehumet_crystals, overflow_temple_1_default, marbit_many_paths

Skill      XL: |  1  2  3  4 |
---------------+-------------+-----
Axes           | 2 |  2.6
Fighting       | 3 |  3.3
Shields        | 3 |  3.3
Dodging        | 1 2 |  2.1
Armour         | |  2.6

Action                   |  1- 3 |  4- 6 || total
-------------------------+-------+-------++-------
Melee: War axe           |   141 |    61 ||   202
       Bite              |     8 |     3 ||    11
  Use: Potion            |     3 |     4 ||     7
  Eat: Corpse            |     7 |       ||     7
Armor: Scale mail        |     9 |       ||     9
       Plate armour      |   120 |    44 ||   164
Dodge: Dodged            |    22 |     5 ||    27
Block: Shield            |    86 |    31 ||   117
